 Dungeon Crawl Stone Soup version 0.23.1 (webtiles) character file.

Game seed: 11943424056440996147

115 doot the Sneak (level 4, -3/30 HPs)
             Began as a Vampire Enchanter on Mar 5, 2019.
             Slain by an ogre
             ... wielding a +0 giant club
              (16 damage)
             ... on level 4 of the Dungeon.
             The game lasted 00:06:06 (1792 turns).

doot the Sneak (Vampire Enchanter)                  Turns: 1792, Time: 00:06:07

Health: -3/30      AC:  3    Str:  7    XL:     4   Next: 68%
Magic:  0/7        EV: 13    Int: 18    God:
Gold:   45         SH:  0    Dex: 14    Spells: 1/7 levels left

rFire    x . .     SeeInvis +   a - +1 dagger
rCold    + . .     Gourm    .   (no shield)
rNeg     + + .     Faith    .   c - +1 robe {rN+}
rPois    .         Spirit   .   (no helmet)
rElec    .         Reflect  .   (no cloak)
rCorr    .         Harm     .   (no gloves)
MR       .....                  (no boots)
Stlth    +++.......             (no amulet)
HPRegen  0.10/turn              g - ring of ice
MPRegen  0.10/turn              (no ring)

@: no status effects
A: fangs 3, see invisible, unbreathing
a: Bat Form


You were on level 4 of the Dungeon.
You were not thirsty.

You visited 1 branch of the dungeon, and saw 4 of its levels.

You collected 45 gold pieces.

Inventory:

Hand Weapons
 a - a +1 dagger (weapon)
Armour
 b - a +0 robe
 c - a +1 robe of positive energy (worn)
Jewellery
 g - a ring of ice (left hand)
Wands
 n - a wand of paralysis (9)
Scrolls
 f - a scroll of blinking {unknown}
 h - a scroll of remove curse {unknown}
 i - a scroll of fear {unknown}
 j - a scroll of noise {unknown}
 k - a scroll of teleportation {unknown}
 m - a scroll of enchant armour {unknown}
 p - a scroll of identify {unknown}
Potions
 d - 13 potions of blood
 e - a potion of lignification {unknown}
 l - a potion of agility {unknown}
 o - a potion of heal wounds {unknown}


   Skills:
 + Level 1.4 Short Blades
 + Level 2.5 Dodging
 + Level 6.1 Stealth
 + Level 2.4 Spellcasting
 + Level 5.9 Hexes
 + Level 0.8 Ice Magic


You had one spell level left.
You knew the following spells:

 Your Spells              Type           Power        Failure   Level  Hunger
a - Corona                Hex            ###....      1%          1    #......
b - Ensorcelled Hibernat  Hex/Ice        ###...       6%          2    ##.....
c - Confuse               Hex            ###.....     4%          3    ###....

Your spell library contained the following spells:

 Spells                   Type           Power        Failure   Level  Hunger
 Tukima's Dance           Hex            ###.....     4%          3    ###....
 Dazzling Spray           Conj/Hex       ##....       16%         3    ###....


Dungeon Overview and Level Annotations

Branches:
Dungeon (4/15)
 Temple: D:4-7

Altars:
The Shining One


Innate Abilities, Weirdness & Mutations

You have razor-sharp teeth.
You have supernaturally acute eyesight. (SInv)
You can survive without breathing.


Message History

Aiming: Confuse (safe; 4% risk of failure)
Press: ? - help, Shift-Dir - straight line, f/p - ogre
Aim: an ogre, wielding a +0 giant club (almost dead, chance to defeat MR: 52%)
The quokka appears confused.
The quokka barely misses the ogre.
The quokka bites the ogre.
The quokka runs around in a circle.
You hit the ogre but do no damage.
The ogre is almost dead.
The ogre barely misses you.
Casting: Confuse (safe; 4% risk of failure)
Confirm with . or Enter, or press ? or * to list all spells.
Aiming: Corona (safe; 1% risk of failure)
Press: ? - help, Shift-Dir - straight line, f/p - ogre
Aim: an ogre, wielding a +0 giant club (almost dead, chance to defeat MR: 62%)
The ogre is outlined in light.
You hit the ogre.
The ogre is almost dead.
The ogre hits you with a +0 giant club!
Ouch! That really hurt!
You die...

....... ......>
# ## ###.....##
.. ##.# #.....
..#. #...####..#
#...
#.........##..##
#..........#...#
#...@O..r.<...#
#..........##..#
#.......#.##
....
#......#.###
.... #......####
... ##..#.. ..
##.#.. . # #..


You could see an ogre and a quokka (confused).

Vanquished Creatures
  Natasha (D:3)
  6 adders
  A worm (D:2)
  A dart slug (D:1)
  A leopard gecko (D:3)
  A ball python (D:2)
  2 bats
  2 giant cockroaches (D:2)
  5 goblins
  5 hobgoblins
  3 kobolds
  4 frilled lizards (D:2)
  2 rats
34 creatures vanquished.

Notes
Turn   | Place    | Note
-------+----------+-------------------------------------------
     0 | D:1      | doot the Vampire Enchanter began the quest for the Orb.
     0 | D:1      | Reached XP level 1. HP: 13/13 MP: 3/3
   469 | D:1      | Found a glowing golden altar of the Shining One.
   654 | D:2      | Reached XP level 2. HP: 19/19 MP: 5/5
   658 | D:2      | Learned a level 2 spell: Ensorcelled Hibernation
   662 | D:2      | Reached skill level 5 in Hexes
   710 | D:2      | Reached skill level 5 in Stealth
   710 | D:2      | Reached XP level 3. HP: 24/24 MP: 1/6
   917 | D:2      | Learned a level 3 spell: Confuse
  1148 | D:2      | Reached XP level 4. HP: 30/30 MP: 4/7
  1534 | D:3      | Noticed Natasha
  1580 | D:3      | Killed Natasha
  1628 | D:3      | Reached skill level 6 in Stealth
  1777 | D:4      | Noticed an ogre
  1792 | D:4      | Slain by an ogre

Skill      XL: |  1  2  3  4 |
---------------+-------------+-----
Hexes          | 5 |  5.9
Stealth        | 5 6 |  6.1
Short Blades   | |  1.4
Dodging        | |  2.5
Spellcasting   | |  2.4
Ice Magic      | |  0.8

Action                   |  1- 3 |  4- 6 || total
-------------------------+-------+-------++-------
Melee: Dagger            |    65 |    28 ||    93
       Bite              |     6 |     2 ||     8
 Cast: Corona            |    12 |     4 ||    16
       Ensorcelled Hiber |    13 |    13 ||    26
       Confuse           |       |     1 ||     1
  Use: Potion            |     1 |     3 ||     4
 Stab: Sleeping          |    12 |    11 ||    23
Armor: Robe              |    19 |    15 ||    34
Dodge: Dodged            |    53 |    45 ||    98
